 Dungeon Crawl Stone Soup version 0.25.1-2-g60ff931df9 (webtiles) character file.

Game seed: 16994317986925733943

375 Erymatos the Chopper (level 6, -4/56 HPs)
             Began as a Minotaur Berserker on Nov 12, 2020.
             Was a Believer of Trog.
             Killed by nerve-wracking pain
             ... invoked by Grinder
              (9 damage)
             ... on level 5 of the Dungeon.
             The game lasted 00:04:40 (4798 turns).

Erymatos the Chopper (Minotaur Berserker)           Turns: 4798, Time: 00:04:40

Health: -4/56      AC:  3    Str: 24    XL:     6   Next: 44%
Magic:  5/5        EV:  8    Int:  4    God:    Trog [**....]
Gold:   92         SH: 14    Dex:  9    Spells: 5/5 levels left

rFire    . . .     SeeInvis .   a - +0 hand axe
rCold    . . .     Gourm    .   k - +0 tower shield
rNeg     . . .     Faith    .   n - +0 leather armour
rPois    .         Spirit   .   (helmet restricted)
rElec    .         Reflect  .   (no cloak)
rCorr    .         Harm     .   (no gloves)
MR       .....                  (no boots)
Stlth    +.........             (no amulet)
HPRegen  0.18/turn              (no ring)
MPRegen  0.09/turn              (no ring)

@: no status effects
A: retaliatory headbutt, horns 2
a: Berserk, Trog's Hand, Renounce Religion


You were on level 5 of the Dungeon.
You worshipped Trog.
Trog was pleased with you.
You were near starving.

You visited 1 branch of the dungeon, and saw 5 of its levels.

You collected 92 gold pieces.

Inventory:

Hand Weapons
 a - a +0 hand axe (weapon)
Armour
 k - a +0 tower shield (worn)
 n - a +0 leather armour (worn)
Jewellery
 s - a +4 ring of protection
Wands
 q - a wand of polymorph (6)
Scrolls
 b - 2 scrolls of remove curse {unknown}
 e - 5 scrolls of identify {unknown}
 h - 4 scrolls of teleportation {unknown}
 i - 3 scrolls of amnesia {unknown}
 j - a scroll of noise {unknown}
 o - 2 scrolls of random uselessness {unknown}
 p - 2 scrolls of enchant weapon {unknown}
Potions
 d - a potion of mutation {unknown}
 f - a potion of curing {unknown}
 g - 3 potions of might
 l - 3 potions of magic {unknown}
 m - a potion of lignification {unknown}
 r - 2 potions of brilliance {unknown}
Comestibles
 c - 3 rations


   Skills:
 + Level 5.0 Fighting
 + Level 5.9 Axes
 + Level 3.2 Armour
 + Level 3.5 Dodging
 * Level 3.5 Shields


You had 5 spell levels left.
You didn't know any spells.
Your spell library was empty.

Dungeon Overview and Level Annotations

Branches:
Dungeon (5/15)             Temple (0/1) D:4

Altars:
Vehumet

Shops:
D:4 [

Annotations:
D:5 Grinder


Innate Abilities, Weirdness & Mutations

You reflexively headbutt those who attack you in melee.
You have a pair of horns on your head.


Message History

Grinder hits you!
* * * LOW HITPOINT WARNING * * *
The quokka bites you but does no damage.
Grinder hits you.
* * * LOW HITPOINT WARNING * * *
The quokka bites you.
* * * LOW HITPOINT WARNING * * *
You can move again.
Unknown command.
You're too hungry.
You hit Grinder. Your headbutt misses Grinder.
Grinder is severely wounded.
You closely miss the quokka. You block Grinder's attack.
You block the quokka's attack.
You hit Grinder.
Grinder is severely wounded.
Your shield prevents you from hitting the quokka.
Grinder gestures at you. Pain shoots through your body!
You die...

......#......##
............... ..
.......$....)# ...
.............#
##...
.............#
####....#
#<......###........
#.......##...).....
#.?..†..##..r......
######..##.@5.....#
#.........=..#
#............#
#............#
#............#
#...?........#
#........##.##
####.....# .#
#.#####


You could see Grinder and a quokka.

Vanquished Creatures
  A howler monkey (D:4)
  A crimson imp (D:5)
  Ijyb (D:3)
  3 orc wizards
  A worker ant (D:4)
  3 gnolls (D:3)
  6 adders
  2 oozes
  3 worms
  A dart slug (D:2)
  2 leopard geckos
  8 orcs
  4 giant cockroaches
  6 goblins
  8 hobgoblins
  4 jackals (D:4)
  6 kobolds
  A ball python (D:1)
  8 bats
  7 frilled lizards
  2 rats
78 creatures vanquished.

Notes
Turn   | Place    | Note
-------+----------+-------------------------------------------
     0 | D:1      | Erymatos the Minotaur Berserker began the quest for the
                  | Orb.
     0 | D:1      | Reached XP level 1. HP: 19/19 MP: 0/0
   135 | D:1      | Reached XP level 2. HP: 26/27 MP: 1/1
   435 | D:1      | Reached XP level 3. HP: 30/33 MP: 2/2
   897 | D:2      | Reached ** piety under Trog
  1065 | D:2      | Reached skill level 1 in Shields
  1328 | D:2      | Reached XP level 4. HP: 41/41 MP: 3/3
  1885 | D:3      | Reached skill level 5 in Axes
  2072 | D:3      | Found a radiant altar of Vehumet.
  2215 | D:3      | Reached XP level 5. HP: 14/47 MP: 4/4
  2638 | D:3      | Noticed Ijyb
  2669 | D:3      | Killed Ijyb
  3156 | D:3      | Found a faded altar of an unknown god.
  4095 | D:4      | Reached XP level 6. HP: 39/55 MP: 5/5
  4245 | D:4      | Found a staircase to the Ecumenical Temple.
  4312 | D:4      | Reached skill level 5 in Fighting
  4683 | D:4      | Found Belel's Armour Shoppe.
  4770 | D:5      | Entered Level 5 of the Dungeon
  4782 | D:5      | Noticed Grinder
  4785 | D:5      | Paralysed by Grinder for 2 turns
  4790 | D:5      | Paralysed by Grinder for 7 turns
  4798 | D:5      | Killed from afar by Grinder

Illustrated notes

Levels and vault maps discovered:
D:1:      minmay_arrival_split_and_join, layout_rooms
D:2:      layout_rooms, kennysheep_donut
D:3:      layout_basic, fiery_altar_vehumet,
          chequers_ecumenical_altar_simple_redux, uniq_ijyb
D:4:      layout_basic, minmay_temple_entry_metal_lava, serial_shops, shop
D:5:      layout_basic, first_ration, uniq_grinder, uniq_edmund

Skill      XL: |  1  2  3  4  5  6 |
---------------+-------------------+-----
Fighting       | 4 5 |  5.0
Axes           | 4 5 |  5.9
Shields        | 1 3 |  3.5
Dodging        | 3 |  3.5
Armour         | 3 |  3.2

Action                   |  1- 3 |  4- 6 || total
-------------------------+-------+-------++-------
Melee: Hand axe          |    64 |   144 ||   208
       Headbutt          |     9 |    24 ||    33
       Unarmed           |       |    25 ||    25
Invok: Berserk           |     1 |     3 ||     4
  Eat: Chunk             |     2 |     9 ||    11
       Ration            |       |     1 ||     1
Armor: Animal skin       |    10 |     2 ||    12
       Leather armour    |       |    30 ||    30
Dodge: Dodged            |    36 |    53 ||    89
Block: Tower shield      |    11 |   107 ||   118
